 Dungeon Crawl Stone Soup version 0.23.0 (webtiles) character file.

Game seed: 625676621647010510

96084 Delanovic the Warrior (level 16, -7/180 HPs)
             Began as an Ogre Transmuter on Feb 13, 2019.
             Was the Champion of Makhleb.
             Shot with an arrow by a centaur warrior (9 damage)
             ... on level 14 of the Dungeon.
             The game lasted 01:28:56 (31287 turns).

Delanovic the Warrior (Ogre Transmuter)            Turns: 31287, Time: 01:28:57

Health: -7/180     AC:  2    Str: 18    XL:     16   Next: 15%
Magic:  19/26      EV: 17    Int: 18    God:    Makhleb [******]
Gold:   1520       SH:  0    Dex: 23    Spells: 13/28 levels left

rFire    . . .     SeeInvis .   (weapon currently unavailable)
rCold    . . .     Gourm    .   (shield currently unavailable)
rNeg     . . .     Faith    .   (armour currently unavailable)
rPois    x         Spirit   .   (helmet currently unavailable)
rElec    .         Reflect  .   (cloak currently unavailable)
rCorr    .         Harm     .   (gloves unavailable)
MR       +++..                  (boots unavailable)
Stlth    ++........             o - amulet of magic regeneration
HPRegen  0.40/turn              Q - ring of the Mage {Wiz MR++ Int+3}
MPRegen  0.45/turn              Y - +5 ring of dexterity

@: spider-form (expiring), very slightly contaminated, extremely drained,
invisible
A: tiny, unfitting armour
a: End Transformation, Minor Destruction, Lesser Servant of Makhleb, Major
Destruction, Greater Servant of Makhleb, Renounce Religion


You were on level 14 of the Dungeon.
You worshipped Makhleb.
Makhleb was exalted by your worship.
You were very hungry.
You were a venomous arachnid creature.
You visited 4 branches of the dungeon, and saw 23 of its levels.
You also visited: Bailey.

You collected 1520 gold pieces.

Inventory:

Missiles
 a - 163 arrows
 h - 369 bolts
Armour
 b - a +1 robe (melded)
 v - a scarf of cloud immunity (melded)
 M - a +1 hat (melded)
Jewellery
 o - an amulet of magic regeneration (around neck)
 p - an uncursed ring of protection from fire
 A - an uncursed ring of protection from magic
 I - a +3 ring of strength
 J - an uncursed ring of protection from cold
 O - an uncursed ring of resist corrosion
 P - an uncursed amulet of harm
 Q - the ring of the Mage (left front leg) {Wiz MR++ Int+3}
   (You found it on level 2 of the Lair of Beasts)

   [ring of wizardry]

   It improves your spell success rate.
   It affects your intelligence (+3).
   It affects your resistance to hostile enchantments.
 Y - a +5 ring of dexterity (right front leg)
Wands
 j - a wand of iceblast (15)
 z - a wand of digging (5)
 C - a wand of enslavement (9)
Scrolls
 f - 5 scrolls of teleportation
 g - 3 scrolls of fear
 k - 9 scrolls of remove curse
 l - 7 scrolls of magic mapping
 n - 4 scrolls of immolation
 q - 2 scrolls of enchant weapon
 s - 2 scrolls of fog
 x - a scroll of torment
 E - a scroll of holy word
 F - 3 scrolls of vulnerability
 R - a scroll of silence
 S - 4 scrolls of enchant armour
 Z - a scroll of summoning
Potions
 c - 3 potions of curing
 e - 2 potions of agility
 i - 7 potions of flight
 r - 2 potions of resistance
 t - 2 potions of might
 u - 2 potions of berserk rage
 B - a potion of cancellation
 D - 3 potions of haste
 G - 3 potions of mutation
 H - 3 potions of ambrosia
 W - a potion of lignification
Comestibles
 d - 25 rations


   Skills:
 + Level 16.7(0.0) Fighting
 + Level 12.3(0.0) Dodging
 + Level 14.0(0.0) Unarmed Combat
 - Level 6.8(0.0) Spellcasting
 - Level 6.3(0.0) Transmutations
 - Level 5.1(0.0) Ice Magic
 - Level 3.2(0.0) Poison Magic
 - Level 8.1(0.0) Invocations


You had 13 spell levels left.
You knew the following spells:

 Your Spells              Type           Power        Failure   Level  Hunger
a - Beastly Appendage     Tmut           #.....       19%         1    ##.....
b - Spider Form           Tmut/Pois      #.........   41%         3    ####...
c - Sticks to Snakes      Tmut           #.......     26%         2    ###....
d - Ice Form              Ice/Tmut       #.......     77%         4    #####..
e - Venom Bolt            Conj/Pois      #.........   96%         5    ######.

Your spell library contained the following spells:

 Spells                   Type           Power        Failure   Level  Hunger
 Confusing Touch          Hex            #.....       19%         1    ##.....
 Sandblast                Erth           #.....       19%         1    ##.....
 Sting                    Conj/Pois      #...         19%         1    ##.....
 Corpse Rot               Necr           N/A          26%         2    ###....
 Passwall                 Tmut/Erth      #.......     26%         2    ###....
 Poisonous Vapours        Pois/Air       #.....       26%         2    ###....
 Sublimation of Blood     Necr           #.........   26%         2    ###....
 Confuse                  Hex            #.......     41%         3    ####...
 Gell's Gravitas          Tloc           #.........   41%         3    ####...
 Mephitic Cloud           Conj/Pois/Air  #.......     41%         3    ####...
 Stone Arrow              Conj/Erth      #.....       41%         3    ####...
 Olgreb's Toxic Radiance  Pois           #.......     77%         4    #####..
 Petrify                  Tmut/Erth      #.......     77%         4    #####..
 Agony                    Necr           #.......     96%         5    ######.
 Blade Hands              Tmut           #.........   96%         5    ######.
 Bolt of Draining         Conj/Necr      #.........   96%         5    ######.
 Dispel Undead            Necr           #.......     96%         5    ######.
 Excruciating Wounds      Chrm/Necr      #.........   96%         5    ######.
 Lee's Rapid Deconstruct  Erth           #.........   96%         5    ######.
 Metabolic Englaciation   Hex/Ice        #.........   96%         5    ######.
 Yara's Violent Unravell  Hex/Tmut       #.........   96%         5    ######.


Dungeon Overview and Level Annotations

Branches:
Dungeon (14/15)            Temple (1/1) D:4            Lair (6/6) D:9
  Swamp (0/4) Lair:3        Snake (2/4) Lair:3        Slime (0/5) Lair:6
    Orc (0/2) D:12
 Vaults: D:13-14

Altars:
Ashenzari
Cheibriados
Dithmenos
Elyvilon
Fedhas
Gozag
Hepliaklqana
Kikubaaqudgha
Makhleb
Nemelex Xobeh
Okawaru
Qazlal
Ru
Sif Muna
Trog
Uskayaw
Vehumet
Wu Jian
Xom
Yredelemnul
Zin
The Shining One

Shops:
D:11 }   D:13 =

Annotations:
D:13 1 runed translucent door
Snake:1 3 runed translucent doors, mif's ghost, journeyman MiBe; vinnietd's ghost, adept HaFi


Innate Abilities, Weirdness & Mutations

You are too large for most types of armour.
((You have tough skin. (AC +1)))


Message History

You feel immune to the effects of clouds.
The centaur warrior zombie hits you but does no damage.
Casting: Sticks to Snakes (safe; 13% risk of failure)
Confirm with . or Enter, or press ? or * to list all spells.
You turn into a venomous arachnid creature.
Your scarf of cloud immunity melds into your body.
Your +1 hat melds into your body.
Your +1 robe melds into your body.
You feel vulnerable to the effects of clouds.
The centaur warrior zombie hits you!
* * * LOW HITPOINT WARNING * * *
The centaur warrior wields a +0 longbow.
The centaur warrior shoots an arrow.
The arrow barely misses you.
The centaur warrior zombie hits you but does no damage.
The centaur warrior shoots an arrow.
The arrow hits you!!
* * * LOW HITPOINT WARNING * * *
You see here an arrow.
You fade into invisibility!
The centaur warrior zombie barely misses you.
The centaur warrior shoots an arrow.
The arrow hits you!
You die...

+.?.?.+ #..$..# #.....#
###(### ##..c..#
##.....## ##.....##
##.Z...## #..s(.## #
..####'#######+#####..#
#......................#
###.###..######........#
.....#######.########
####.........#
####.###### ##.##
##...##


You could see a centaur warrior and a centaur warrior zombie.

Vanquished Creatures
  Kirke (Lair:5)
  A naga warrior (Snake:1)
  4 hydras
  2 death knights
  A centaur warrior (D:13)
  15 death yaks
  A two-headed ogre (D:11)
  2 shock serpents (Snake:1)
  A naga sharpshooter (Snake:1)
  An unseen horror (D:13)
  An orc knight (Bailey)
  A naga ritualist (Snake:2)
  2 ugly things
  A salamander (Snake:1)
  3 mana vipers
  A wolf spider (Lair:6)
  A manticore (D:12)
  4 elephants (Lair:5)
  21 black mambas
  4 naga magi (Snake:1)
  Joseph (D:7)
  Maurice (D:10)
  2 gargoyles
  A guardian serpent (Lair:6)
  A centaur zombie (D:13)
  15 spiny frogs
  3 komodo dragons
  6 rime drakes
  A redback zombie (D:13)
  2 trolls (D:10)
  A wind drake (shapeshifter) (D:13)
  2 hornets (Lair:6)
  2 polar bears
  Prince Ribbit (D:7)
  11 blink frogs
  6 slime creatures (D:13)
  A dream sheep (Lair:6)
  A meliai zombie (D:12)
  9 hippogriffs
  Grinder (D:5)
  Sigmund (D:3)
  A shadow (D:13)
  2 redbacks (Lair:6)
  A vampire (D:13)
  13 wyverns
  44 yaks
  A wraith (D:10)
  Grum (Lair:1)
  A basilisk (Lair:6)
  A hog (Lair:5)
  2 hungry ghosts
  Menkaure (D:4)
  7 nagas (Snake:1)
  2 soldier ants
  46 water moccasins
  5 porcupines
  2 ice beasts
  5 sky beasts
  14 orc warriors
  A swamp drake (Lair:1)
  4 phantoms
  A necrophage (D:13)
  An ogre (D:3)
  7 centaurs
  45 wolves
  10 crocodiles
  Blork the orc (D:3)
  18 bullfrogs
  A gnoll sergeant (D:7)
  A scorpion (D:4)
  4 killer bees
  2 electric eels
  4 howler monkeys
  8 crimson imps
  A quasit (D:8)
  A bullfrog zombie (D:10)
  2 orc priests (D:8)
  2 centaur skeletons (D:4)
  3 hounds
  4 bullfrog skeletons
  8 jellies
  4 orc wizards
  3 iguanas
  5 worker ants
  A statue (D:6)
  2 hound zombies
  A hound skeleton (D:11)
  10 gnolls
  A howler monkey skeleton (D:7)
  20 adders
  4 shadow imps
  7 oozes
  An adder skeleton (D:7)
  An adder zombie (D:8)
  A worm (D:2)
  3 dart slugs (D:1)
  A leopard gecko (D:1)
  43 orcs
  6 giant cockroaches
  13 goblins
  7 hobgoblins
  20 jackals
  10 kobolds
  4 quokkas
  2 ball pythons (Lair:3)
  10 bats
  4 frilled lizards
  A jackal skeleton (D:4)
  A leopard gecko skeleton (D:4)
  2 quokka skeletons
  2 rats
  A spectral orc (D:4)
606 creatures vanquished.

Vanquished Creatures (collateral kills)
  The ghost of Froggeryz the Severer, a journeyman MiFi of Cheibriados (Lair:6)
  A hydra (D:13)
  A troll (shapeshifter) (D:13)
  A yak (Lair:2)
  A hobgoblin (D:1)
  A kobold (D:1)
6 creatures vanquished.

Vanquished Creatures (others)
  A human (Lair:5)
  13 fungi
  22 plants
36 creatures vanquished.

Grand Total: 648 creatures vanquished

Notes
Turn   | Place    | Note
-------+----------+-------------------------------------------
     0 | D:1      | Delanovic the Ogre Transmuter began the quest for the Orb.
     0 | D:1      | Reached XP level 1. HP: 19/19 MP: 3/3
     2 | D:1      | Noticed an ogre
     2 | D:1      | Noticed a demigod
     4 | D:1      | Noticed a gargoyle
     4 | D:1      | Noticed a vine stalker
     6 | D:1      | Noticed a tengu
     6 | D:1      | Noticed a centaur
     8 | D:1      | Noticed an elf
     8 | D:1      | Noticed a vampire
    10 | D:1      | Noticed a minotaur
    10 | D:1      | Noticed an octopode
    12 | D:1      | Noticed a human
    14 | D:1      | Noticed a dwarf
    14 | D:1      | Noticed a ghoul
    16 | D:1      | Noticed a draconian
    16 | D:1      | Noticed a naga
    19 | D:1      | Noticed a felid
    21 | D:1      | Noticed a spriggan
    21 | D:1      | Noticed a demonspawn
    23 | D:1      | Noticed a troll
    25 | D:1      | Noticed a formicid
    25 | D:1      | Noticed a merfolk
    27 | D:1      | Noticed a halfling
   282 | D:1      | Reached skill level 2 in Fighting
   291 | D:1      | Reached XP level 2. HP: 8/28 MP: 5/5
  1109 | D:1      | Reached XP level 3. HP: 36/36 MP: 6/6
  1189 | D:1      | Reached skill level 3 in Fighting
  1593 | D:1      | Learned a level 3 spell: Spider Form
  1596 | D:1      | Learned a level 2 spell: Sticks to Snakes
  2062 | D:2      | Found a glowing golden altar of the Shining One.
  2075 | D:2      | Reached XP level 4. HP: 33/45 MP: 0/7
  2247 | D:2      | Reached skill level 1 in Poison Magic
  2716 | D:3      | Found a bloodstained altar of Trog.
  2837 | D:3      | Found a shimmering altar of Xom.
  2912 | D:3      | Found a sparkling altar of Nemelex Xobeh.
  3146 | D:3      | Noticed Sigmund
  3156 | D:3      | Killed Sigmund
  3156 | D:3      | Reached skill level 4 in Fighting
  3156 | D:3      | Reached XP level 5. HP: 16/55 MP: 1/8
  3156 | D:3      | Reached XP level 6. HP: 19/63 MP: 1/9
  3389 | D:3      | Found a blossoming altar of Fedhas.
  3615 | D:3      | Reached skill level 5 in Fighting
  3933 | D:4      | Reached XP level 7. HP: 58/72 MP: 6/10
  3985 | D:4      | Noticed Blork the orc
  4113 | D:3      | Killed Blork the orc
  4114 | D:3      | Reached skill level 6 in Fighting
  4317 | D:4      | Noticed Menkaure
  4331 | D:4      | Killed Menkaure
  4625 | D:4      | Found a staircase to the Ecumenical Temple.
  4634 | Temple   | Entered the Ecumenical Temple
  4720 | Temple   | Became a worshipper of Makhleb the Destroyer
  4745 | D:4      | Reached skill level 7 in Fighting
  4745 | D:4      | Reached skill level 5 in Unarmed Combat
  4891 | D:4      | Reached XP level 8. HP: 73/87 MP: 11/11
  5096 | D:4      | Found a basalt altar of Yredelemnul.
  5340 | D:5      | Entered Level 5 of the Dungeon
  5489 | D:5      | Noticed Grinder
  5505 | D:5      | Killed Grinder
  5505 | D:5      | Reached skill level 8 in Fighting
  5727 | D:5      | Found a blossoming altar of Fedhas.
  5765 | D:5      | Learned a level 4 spell: Ice Form
  6580 | D:6      | Reached skill level 9 in Fighting
  6882 | D:6      | Found a radiant altar of Vehumet.
  7110 | D:6      | Reached * piety under Makhleb
  7110 | D:6      | Reached XP level 9. HP: 40/100 MP: 8/12
  7718 | D:7      | Reached skill level 10 in Fighting
  8036 | D:7      | Found a sacrificial altar of Ru.
  8036 | D:7      | Noticed Prince Ribbit
  8046 | D:7      | Killed Prince Ribbit
  8282 | D:7      | Noticed Joseph
  8301 | D:7      | Killed Joseph
  8475 | D:7      | Found an iron altar of Okawaru.
  8475 | D:7      | Found a bloodstained altar of Trog.
  8500 | D:7      | Noticed a death knight
  8523 | D:8      | Found a shattered altar of Ashenzari.
  8558 | D:8      | Reached ** piety under Makhleb
  9077 | D:8      | Found a deep blue altar of Sif Muna.
  9099 | D:8      | Reached XP level 10. HP: 101/111 MP: 10/13
  9202 | D:8      | Found a snail-covered altar of Cheibriados.
  9674 | D:9      | Found a staircase to the Lair.
  9992 | D:9      | Reached skill level 5 in Dodging
 10004 | D:9      | Found a glowing silver altar of Zin.
 10156 | D:9      | Found an ornate altar of the Wu Jian Council.
 10417 | D:10     | Entered Level 10 of the Dungeon
 10739 | D:10     | Reached skill level 11 in Fighting
 10739 | D:10     | Reached skill level 1 in Invocations
 10768 | D:10     | Noticed a white ugly thing
 10779 | D:10     | Killed a white ugly thing
 11255 | D:10     | Reached *** piety under Makhleb
 11285 | D:10     | Noticed Maurice
 11303 | D:10     | Killed Maurice
 11855 | D:11     | Noticed a two-headed ogre
 11877 | D:11     | Killed a two-headed ogre
 11877 | D:11     | Reached skill level 12 in Fighting
 11877 | D:11     | Reached XP level 11. HP: 66/123 MP: 11/14
 12141 | D:11     | Reached skill level 10 in Unarmed Combat
 12478 | D:11     | Noticed a five-headed hydra
 12576 | D:11     | Killed a five-headed hydra
 12931 | D:11     | Found Aququ's Gadget Shoppe.
 13332 | D:6      | Killed a death knight
 13735 | Lair:1   | Entered Level 1 of the Lair of Beasts
 13735 | Lair:1   | Noticed Grum
 13767 | Lair:1   | Killed Grum
 14297 | Lair:1   | Reached skill level 13 in Fighting
 14560 | Lair:1   | Reached skill level 1 in Ice Magic
 14832 | Lair:1   | Reached **** piety under Makhleb
 14902 | Lair:1   | Reached XP level 12. HP: 56/136 MP: 11/17
 15900 | Lair:2   | Noticed a death yak
 15904 | Lair:2   | Noticed a death yak
 15907 | Lair:2   | Noticed a death yak
 15930 | Lair:1   | Killed a death yak
 16635 | D:12     | Found a flagged portal.
 16640 | Bailey   | Entered a bailey
 17341 | Bailey   | Identified the +7 bardiche of the Iron City of Dis {freeze,
                  | Dex+3}
 17469 | Bailey   | Found a roughly hewn altar of Beogh.
 17520 | Bailey   | Reached skill level 5 in Spellcasting
 17586 | Bailey   | Reached skill level 5 in Transmutations
 18044 | D:12     | Found a staircase to the Orcish Mines.
 18062 | D:12     | Reached ***** piety under Makhleb
 18280 | D:13     | Noticed a centaur warrior
 18288 | D:13     | Killed a centaur warrior
 18472 | D:13     | Noticed an eight-headed hydra
 18481 | D:13     | Killed an eight-headed hydra
 18661 | D:13     | Found Kehaucuv's Jewellery Emporium.
 19280 | D:13     | Noticed a death knight
 19310 | D:13     | Killed a death knight
 19310 | D:13     | Reached XP level 13. HP: 115/144 MP: 8/22
 19581 | D:13     | Found a runed translucent door.
 19890 | D:13     | Found a glowing golden altar of the Shining One.
 19890 | D:13     | Noticed an angel
 20466 | Lair:2   | Reached skill level 5 in Ice Magic
 20501 | Lair:2   | Found the ring of the Mage {Wiz MR++ Int+3}
 21601 | Lair:2   | Learned a level 5 spell: Venom Bolt
 21650 | Lair:3   | Found a staircase to the Snake Pit.
 22034 | Lair:3   | Found a staircase to the Swamp.
 22590 | Lair:4   | Reached skill level 14 in Fighting
 22590 | Lair:4   | Reached skill level 10 in Dodging
 22590 | Lair:4   | Reached XP level 14. HP: 156/156 MP: 24/24
 22625 | Lair:4   | Reached skill level 5 in Invocations
 23287 | Lair:4   | Reached XP level 15. HP: 123/165 MP: 21/25
 23828 | Lair:5   | Noticed Kirke
 23900 | Lair:5   | Killed Kirke
 23900 | Lair:5   | Reached skill level 15 in Fighting
 24640 | Lair:5   | Identified a scroll of acquirement
 24679 | Lair:6   | Entered Level 6 of the Lair of Beasts
 25059 | Lair:6   | Reached ****** piety under Makhleb
 25814 | Lair:6   | Found a runed translucent gate.
 25815 | Lair:6   | Found a runed translucent gate.
 25820 | Lair:6   | Found a runed translucent gate.
 25820 | Lair:6   | Noticed Froggeryz's ghost (journeyman MiFi)
 26306 | Lair:6   | Found a staircase to the Slime Pits.
 26969 | Lair:6   | Reached skill level 16 in Fighting
 27143 | Lair:6   | Killed Froggeryz's ghost
 27892 | Snake:1  | Entered Level 1 of the Snake Pit
 28008 | Snake:1  | Found a runed translucent gate.
 28008 | Snake:1  | Found a runed translucent gate.
 28008 | Snake:1  | Found a runed translucent gate.
 28013 | Snake:1  | Noticed mif's ghost (journeyman MiBe)
 28741 | Snake:1  | Reached XP level 16. HP: 162/180 MP: 24/26
 29782 | Snake:2  | Found a runed translucent door.
 29782 | Snake:2  | Noticed vinnietd's ghost (adept HaFi)
 31286 | D:14     | HP: 2/180 [centaur warrior/arrow (20)]
 31287 | D:14     | Shot with an arrow by a centaur warrior

Skill      XL: |  1  2  3  4  5  6  7  8  9 10 11 12 13 14 15 16 |
---------------+-------------------------------------------------+-----
Fighting       | 2 3 4 5 7 9 10 12 13 14 16 | 16.7
Unarmed Combat | 3 5 6 8 9 10 11 12 13 14 | 14.0
Transmutations | 2 3 4 5 6 |  6.3
Poison Magic   | 2 3 |  3.2
Dodging        | 4 6 8 9 10 12 | 12.3
Invocations    | 1 4 6 8 |  8.1
Ice Magic      | 2 4 5 |  5.1
Spellcasting   | 3 6 |  6.8

Action                   |  1- 3 |  4- 6 |  7- 9 | 10-12 | 13-15 | 16-18 || total
-------------------------+-------+-------+-------+-------+-------+-------++-------
Melee: Unarmed           |   174 |   128 |   352 |   754 |   847 |   201 ||  2456
       Punch             |     2 |       |     4 |     2 |     1 |       ||     9
 Cast: Sticks to Snakes  |     2 |       |     1 |    21 |    19 |     7 ||    50
       Beastly Appendage |     2 |       |       |       |       |       ||     2
       Spider Form       |     1 |    11 |    36 |    88 |    44 |    10 ||   190
       Ice Form          |       |       |       |       |    35 |     5 ||    40
  Use: Scroll            |       |       |     3 |    19 |    10 |     4 ||    36
       Potion            |       |       |     2 |     9 |     6 |     7 ||    24
 Stab: Sleeping          |     1 |       |       |       |     2 |       ||     3
       Invisible         |       |       |       |     2 |       |       ||     2
       Distracted        |       |       |       |     1 |     2 |     2 ||     5
  Eat: Chunk             |     4 |     4 |    14 |    21 |    29 |       ||    72
       Ration            |       |     1 |     2 |     7 |     2 |     3 ||    15
Armor: Robe              |    77 |    37 |    16 |    22 |     5 |     3 ||   160
       Skin              |     1 |     4 |    13 |    12 |    52 |    15 ||    97
Dodge: Dodged            |   116 |   108 |   225 |   914 |  1022 |   133 ||  2518
